 Dungeon Crawl Stone Soup version 0.26.1-11-gd32895ea62 (webtiles) character file.

Game seed: 4750209499854620118

2071 Zeld the Thaumaturge (level 9, -1/54 HPs)
             Began as an Octopode Brigand on May 16, 2021.
             Slain by Maggie
             ... wielding a +2 broad axe of pain
              (12 damage)
             ... on level 6 of the Dungeon.
             The game lasted 00:10:00 (10347 turns).

Zeld the Thaumaturge (Octopode Brigand)            Turns: 10347, Time: 00:10:01

Health: -1/54      AC:  1    Str: 13    XL:     9   Next: 26%
Magic:  22/22      EV: 13    Int: 13    God:
Gold:   264        SH:  0    Dex: 14    Spells: 26/26 levels left

rFire    . . .     SeeInvis .   y - +2 dagger (venom)
rCold    + . .     Faith    .   (no shield)
rNeg     . . .     Spirit   .   (helmet restricted)
rPois    .         Reflect  .   (no amulet)
rElec    .         Harm     .   l - ring of protection from cold
rCorr    .         Rampage  .   (no ring)
Will     .....                  (no ring)
Stlth    ++++......             (no ring)
HPRegen  0.18/turn              (no ring)
MPRegen  0.18/turn              (no ring)
                                (no ring)
                                (no ring)

@: no status effects
A: almost no armour, stealthy swim, amphibious, 8 rings, constrict 8, camouflage
1, gelatinous body 1
a: no special abilities


You were on level 6 of the Dungeon.
You visited 1 branch of the dungeon, and saw 6 of its levels.
You also visited: Sewer.

You collected 264 gold pieces.

Inventory:

Hand Weapons
 a - a +2 dagger
 k - a +2 dagger of protection
 y - a +2 dagger of venom (weapon)
Missiles
 c - 7 poisoned darts (quivered)
 d - 5 curare-tipped darts
Jewellery
 l - a ring of protection from cold (left tentacle)
Wands
 b - a wand of digging (2)
 i - a wand of flame (16)
 r - a wand of polymorph (4)
 C - a wand of random effects (21)
Scrolls
 f - 2 scrolls of enchant armour
 g - 5 scrolls of remove curse
 t - 2 scrolls of teleportation
 u - 3 scrolls of enchant weapon
 v - a scroll of amnesia {unknown}
 B - 2 scrolls of magic mapping {unknown}
Potions
 e - 2 potions of invisibility {unknown}
 h - 3 potions of brilliance
 j - a potion of resistance {unknown}
 m - 5 potions of flight {unknown}
 n - 4 potions of haste {unknown}
 o - 3 potions of ambrosia {unknown}
 p - 3 potions of magic {unknown}
 q - a potion of degeneration {unknown}
 s - 3 potions of heal wounds {unknown}
 w - a potion of cancellation {unknown}
 x - 6 potions of might {unknown}
 z - a potion of lignification {unknown}
 A - 3 potions of curing


   Skills:
 - Level 2.0 Fighting
 * Level 3.1 Short Blades
 - Level 6.0 Throwing
 - Level 1.0 Dodging
 - Level 5.3 Stealth
 + Level 9.2 Spellcasting


You had 26 spell levels left.
You didn't know any spells.
Your spell library contained the following spells:

 Spells                   Type           Power        Failure   Level
 Animate Skeleton         Necr           12%          12%         1
 Pain                     Necr           24%          12%         1
 Vampiric Draining        Necr           3%           36%         3
 Animate Dead             Necr           3%           77%         4
 Agony                    Necr           6%           98%         5


Dungeon Overview and Level Annotations

Branches:
Dungeon (6/15)              Sewer (visited)
 Temple: D:4-7

Altars:
Gozag
Sif Muna

Annotations:
D:6 Maggie


Innate Abilities, Weirdness & Mutations

You cannot wear most types of armour.
You are very stealthy in the water. (Stealth+)
You are amphibious.
You can wear up to eight rings at the same time.
You can use your tentacles to constrict eight enemies at once.
Your skin changes colour to match your surroundings (Stealth+).
Your rubbery body absorbs attacks. (AC +1, EV +1)


Message History

Maggie is lightly wounded.
You constrict Maggie, but do no damage. Maggie casts a spell at you.
The bolt of fire misses you.
You hit Maggie but do no damage.
Maggie looks as sick as possible!
You squeeze Maggie.
Maggie is lightly wounded.
You constrict Maggie.
A jelly comes into view.
Maggie casts a spell at you. The bolt of fire hits you!
* * * LOW HITPOINT WARNING * * *
The jelly quivers.
Okay, then.
Press: ? - help, v - describe, . - travel
Here: Maggie, wielding a +2 broad axe of pain and wearing +0 steam dragon scales (moderately wounded, constricted by you, extremely poisoned)
The floor.
You feel better.
You constrict Maggie.
Maggie hits you with a +2 broad axe of pain!
You die...

#...........'.....
#.............#..#
#............###..
#.............#...
#.#########.......
#.# #....... #.#
#....... #.#
#...#... #@#
#..###..
#..@...$.#
#...#...
#........#
#.......
#........#
#.......
#........#
#.......
#.....(..#
#.......
#..(.J...#
########
#........#


You could see Maggie (extremely poisoned) and a jelly.

Vanquished Creatures
  Pikel (D:3)
  Prince Ribbit (D:5)
  Grinder (D:6)
  Edmund (D:4)
  An ice beast (D:5)
  An ogre (D:5)
  3 lemures (D:3)
  4 bullfrogs
  2 hounds
  2 orc wizards (D:4)
  Crazy Yiuf (D:3)
  A gnoll shaman (D:5)
  A bullfrog skeleton (D:5)
  3 worker ants (D:4)
  6 gnolls
  15 adders
  3 river rats (Sewer)
  A white imp (D:6)
  2 oozes
  3 adder skeletons (D:5)
  A dart slug (D:1)
  7 leopard geckos
  14 orcs
  8 bats
  8 giant cockroaches
  6 hobgoblins
  7 jackals
  12 kobolds
  A quokka (D:4)
  12 ball pythons
  7 frilled lizards
  11 goblins
  2 leopard gecko skeletons (D:5)
  A leopard gecko zombie (D:5)
  28 rats
178 creatures vanquished.

Notes
Turn   | Place    | Note
-------+----------+-------------------------------------------
     0 | D:1      | Zeld the Octopode Brigand began the quest for the Orb.
     0 | D:1      | Reached XP level 1. HP: 14/14 MP: 1/1
   144 | D:1      | Reached XP level 2. HP: 18/19 MP: 2/2
  1011 | D:3      | Reached skill level 1 in Spellcasting
  1195 | D:4      | Noticed a lemure
  1195 | D:4      | Noticed a lemure
  1404 | D:1      | Reached XP level 3. HP: 17/24 MP: 4/4
  2212 | D:2      | Found a faded altar of an unknown god.
  2379 | D:2      | Reached XP level 4. HP: 22/29 MP: 6/6
  3437 | D:3      | Found a runed translucent door.
  3438 | D:3      | Noticed Crazy Yiuf
  3446 | D:3      | Killed Crazy Yiuf
  3447 | D:3      | Reached skill level 2 in Spellcasting
  3447 | D:3      | Reached XP level 5. HP: 23/34 MP: 6/8
  3676 | D:4      | Reached skill level 5 in Throwing
  3690 | D:4      | Reached XP level 6. HP: 5/39 MP: 10/10
  4221 | D:4      | Noticed Edmund
  4225 | D:4      | Noticed Pikel
  4314 | D:3      | HP: 1/39 [lemure[Pikel] (8)]
  4818 | D:4      | Killed Edmund
  4819 | D:4      | Reached skill level 3 in Spellcasting
  4938 | D:3      | HP: 1/39 [lemure[Pikel] (9)]
  5394 | D:3      | Killed Pikel
  5395 | D:3      | Reached skill level 5 in Spellcasting
  5395 | D:3      | Reached XP level 7. HP: 8/45 MP: 10/15
  5395 | D:3      | Reached XP level 8. HP: 9/50 MP: 10/16
  5795 | D:4      | Reached skill level 6 in Spellcasting
  6309 | D:5      | Entered Level 5 of the Dungeon
  6453 | D:5      | Noticed Prince Ribbit
  6474 | D:5      | Killed Prince Ribbit
  6475 | D:5      | Reached skill level 7 in Spellcasting
  7475 | D:5      | Found an opulent altar of Gozag.
  7675 | D:5      | Reached skill level 8 in Spellcasting
  8073 | D:6      | Found a glowing drain.
  8089 | Sewer    | Entered a sewer
  8649 | Sewer    | Reached XP level 9. HP: 51/54 MP: 21/21
  9694 | Sewer    | Reached skill level 9 in Spellcasting
  9964 | D:6      | Noticed Grinder
 10111 | D:6      | Killed Grinder
 10312 | D:6      | Found a shimmering blue altar of Sif Muna.
 10343 | D:6      | Noticed Maggie
 10347 | D:6      | Slain by Maggie

Illustrated notes

Levels and vault maps discovered:
D:1:      lemuel_arrival_river_ford, layout_basic,
          amcnicky_mini_corridor_feature
D:2:      layout_rooms, chequers_ecumenical_altar_island, grunt_decor_one_mirror
D:3:      layout_loops_ring, eino_tiny_chamber, grunt_ministairs_5,
          kennysheep_flooded_box, hex_large, uniq_crazy_yiuf_cottage
D:4:      layout_cave_pools, bh_walls_and_bars, uniq_edmund, uniq_pikel
D:5:      layout_loops_corners, lemuel_round_altar, minmay_misc_feat_hallway,
          uniq_prince_ribbit1
D:6:      layout_basic, gup_sewer_entry_pipe, basic_altar,
          minmay_strange_pillars, uniq_grinder, uniq_maggie

Skill      XL: |  1  2  3  4  5  6  7  8  9 |
---------------+----------------------------+-----
Spellcasting   | 1 2 5 8 9 |  9.2
Throwing       | 3 4 5 6 |  6.0
Short Blades   | 3 |  3.1
Fighting       | |  2.0
Dodging        | |  1.0
Stealth        | |  5.3

Action                   |  1- 3 |  4- 6 |  7- 9 || total
-------------------------+-------+-------+-------++-------
Melee: Dagger            |    83 |   115 |   214 ||   412
       Constrict         |    19 |    22 |    64 ||   105
       Tentacles         |    10 |    16 |    38 ||    64
       Unarmed           |     7 |       |       ||     7
Throw: Dart              |       |    11 |       ||    11
  Use: Scroll            |       |     7 |     4 ||    11
       Potion            |       |     4 |     1 ||     5
 Stab: Sleeping          |     7 |     8 |    15 ||    30
       Distracted        |       |       |     2 ||     2
Armor: Skin              |    21 |    23 |    22 ||    66
Dodge: Dodged            |    74 |    63 |   128 ||   265
